 Dungeon Crawl Stone Soup version 0.31-a0-237-g2d982f9f85 (webtiles) character file.

Game seed: 9815027872007387001

196 qw the Shooter (level 5, -4/45 HPs)
             Began as a Minotaur Hexslinger on July 11, 2023.
             Slain by an ice beast (8 damage)
             ... on level 5 of the Dungeon.
             The game lasted 00:01:03 (2446 turns).

qw the Shooter (Minotaur Hexslinger)                Turns: 2446, Time: 00:01:04

Health: -4/45      AC:  0    Str: 13    XL:     5   Next: 45%
Magic:  5/5        EV: 11    Int: 10    God:
Gold:   208        SH:  0    Dex: 14    Spells: 5/6 levels left

rFire   . . .        Y - +1 sling
rCold   . . .        (no shield)
rNeg    . . .        g - +0 ring mail
rPois   .            (helmet restricted)
rElec   .            e - +0 cloak
rCorr   .            h - +1 pair of gloves
SInv    .            (no boots)
Will    +....        (no amulet)
Stlth   +            a - ring of willpower
HPRegen 0.27/turn    (no ring)
MPRegen 0.09/turn

%: no passive effects
@: corroded
A: horns 2, retaliatory headbutt
a: no special abilities


You were on level 5 of the Dungeon.
You visited 1 branch of the dungeon, and saw 6 of its levels.

You collected 208 gold pieces.


Innate Abilities, Weirdness & Mutations

You have a pair of horns on your head.
You reflexively headbutt those who attack you in melee.


   Skills:
 - Level 3.4 Fighting
 + Level 5.4 Ranged Weapons
 - Level 1.1 Armour
 - Level 2.1 Dodging
 - Level 1.0 Spellcasting
 - Level 2.0 Hexes


You had 5 spell levels left.
You knew the following spells:

 Your Spells              Type           Power      Damage    Failure   Level
a - Slow                  Hex            16%        N/A       32%         1

Your spell library contained the following spells:

 Spells                   Type           Power      Damage    Failure   Level
 Inner Flame              Hex/Fire       2%         N/A       82%         3
 Portal Projectile        Hex/Tloc       4%         N/A       82%         3
 Cause Fear               Hex            2%         N/A       97%         4

Inventory:

Hand Weapons
 Y - a +1 sling (weapon)
Armour
 e - a +0 cloak (worn)
 g - a +0 ring mail (worn)
 h - a +1 pair of gloves (worn)
Jewellery
 a - a ring of willpower (left hand)
Scrolls
 j - a scroll of identify
Potions
 c - a potion of cancellation {unknown}
 d - a potion of brilliance {unknown}
 i - a potion of curing {unknown}

Dungeon Overview and Level Annotations

Branches:
Dungeon (6/15)
 Temple: D:4-7

Altars:
Uskayaw

Shops:
D:2 *


Message History

Waypoint 4 assigned to D:6.
2429 ||| DROPPING ring of magical power.
You drop a ring of magical power.
(D) Dungeon
Where to? (* - list waypoints, Enter - D:4, ? - help)
What level of the Dungeon? (default 1, ? - help)
There is a stone staircase leading up here.
You climb upwards.
The jelly quivers.
Found a murky coppery potion.
There is a stone staircase leading down here.
There are monsters nearby!
Waypoint 5 assigned to D:5.
You shoot a sling bullet.
The sling bullet hits the jelly but does no damage.
The jelly hits you. The acid corrodes you!
You are splashed with acid!
You shoot a sling bullet. The sling bullet hits the jelly.
The jelly is moderately wounded.
The jelly hits you.
You are splashed with acid!
You shoot a sling bullet. The sling bullet hits the jelly.
The jelly is severely wounded.
The jelly hits you but does no damage.
You shoot a sling bullet.
The sling bullet barely misses the jelly.
The jelly misses you.
You shoot a sling bullet.
The sling bullet completely misses the jelly.
The jelly hits you but does no damage. The ice beast barely misses you.
The jelly hits you.
You are splashed with acid!
The ice beast barely misses you.
You shoot a sling bullet. The sling bullet hits the jelly.
The jelly is almost dead.
The jelly completely misses you. The ice beast hits you.
The ice beast freezes you.
2445 ||| DRINKING potion of heal wounds.
You feel much better. The ice beast hits you. The ice beast freezes you!
The jelly hits you. The acid corrodes you!
You are splashed with acid!
You shoot a sling bullet. The sling bullet hits the jelly.
You kill the jelly!
The ice beast hits you. The ice beast freezes you!
You die...

## ..##
.... .!.#
###..# ##
..... .#
#####..#.#
.......@.#
########Y#
.# .# .#
.. ##


You could see an ice beast.

Vanquished Creatures
  An orc priest (D:4)
  A jelly (D:5)
  An iguana (D:4)
  5 adders (D:2)
  A worm (D:3)
  A dart slug (D:4)
  5 orcs
  8 bats
  4 endoplasms
  4 giant cockroaches
  10 goblins
  4 hobgoblins
  9 jackals
  8 kobolds
  4 quokkas
  6 ball pythons
  5 frilled lizards
  4 rats
81 creatures vanquished.

Notes
Turn   | Place    | Note
-------+----------+-------------------------------------------
     0 | D:1      | qw the Minotaur Hexslinger began the quest for the Orb.
     0 | D:1      | Reached XP level 1. HP: 16/16 MP: 1/1
     0 | D:1      | 0 ||| qw: Version: 0.3-a-52-g30416fa
     0 | D:1      | 0 ||| qw: Game counter: 5591
     0 | D:1      | 0 ||| qw: Melee chars always use a shield: true
     0 | D:1      | 0 ||| qw: God list: Okawaru
     0 | D:1      | 0 ||| qw: Allow faded altars: false
     0 | D:1      | 0 ||| qw: Do Orc after clearing Dungeon:15 true
     0 | D:1      | 0 ||| qw: Do second Lair branch before Depths: true
     0 | D:1      | 0 ||| qw: Lair rune preference: random
     0 | D:1      | 0 ||| qw: Goals: Normal
     0 | D:1      | 0 ||| PLANNING D:1-11
   138 | D:1      | Reached skill level 3 in Ranged Weapons
   140 | D:1      | Reached XP level 2. HP: 23/23 MP: 2/2
   158 | D:1      | 158 ||| FLEEEEING.
   159 | D:1      | 159 ||| FLEEEEING.
   742 | D:1      | 742 ||| UPGRADING to +0 cloak.
   747 | D:1      | 747 ||| UPGRADING to +0 leather armour.
   757 | D:1      | 757 ||| DROPPING +0 robe.
   758 | D:1      | 758 ||| UPGRADING to +0 ring mail.
   768 | D:1      | 768 ||| DROPPING +0 leather armour.
   769 | D:1      | 769 ||| READING scroll labelled ERHIEF XOIRO.
   774 | D:1      | 774 ||| DRINKING 2 fizzy purple potions.
   775 | D:1      | 775 ||| DROPPING scroll of poison.
   776 | D:1      | 776 ||| DROPPING potion of invisibility.
   804 | D:2      | Reached XP level 3. HP: 29/29 MP: 3/3
   808 | D:2      | Reached skill level 4 in Ranged Weapons
   817 | D:2      | Reached skill level 1 in Armour
  1065 | D:2      | Found Nimec's General Store.
  1071 | D:2      | 1071 ||| SHOPLISTING +6 ring of strength (504 gold, have
                  | 89).
  1071 | D:2      | 1071 ||| SHOPLISTING potion of resistance (140 gold, have
                  | 89).
  1096 | D:2      | Reached XP level 4. HP: 36/36 MP: 4/4
  1759 | D:2      | 1759 ||| READING scroll labelled UKEKKA SOEPE.
  1760 | D:2      | 1760 ||| READING scroll labelled KAOLUAQOTT.
  1761 | D:2      | 1761 ||| DRINKING 3 puce potions.
  1762 | D:2      | 1762 ||| DRINKING 2 golden potions.
  1786 | D:2      | 1786 ||| DROPPING potion of lignification.
  1921 | D:3      | Reached skill level 5 in Ranged Weapons
  2230 | D:3      | 2230 ||| UPGRADING to +1 pair of gloves.
  2235 | D:3      | 2235 ||| UPGRADING to ring of willpower.
  2236 | D:3      | 2236 ||| READING scroll labelled AMITAPYCKIUDD.
  2316 | D:4      | Found a hide-covered altar of Uskayaw.
  2319 | D:4      | 2319 ||| Stepping ~*~*~tactically~*~*~ (outnumbered).
  2326 | D:4      | Reached skill level 3 in Fighting
  2326 | D:4      | Reached XP level 5. HP: 38/45 MP: 5/5
  2337 | D:4      | HP: 10/45 [iguana (9)]
  2338 | D:4      | 2338 ||| DRINKING 2 potions of heal wounds.
  2428 | D:4      | You fall into a shaft and drop 2 floors!
  2429 | D:6      | 2429 ||| DROPPING ring of magical power.
  2438 | D:5      | Entered Level 5 of the Dungeon
  2438 | D:5      | Noticed an ice beast
  2444 | D:5      | HP: 10/45 [ice beast (6)]
  2445 | D:5      | 2445 ||| DRINKING potion of heal wounds.
  2446 | D:5      | HP: 4/45 [ice beast (2)]
  2446 | D:5      | Slain by an ice beast

Levels and vault maps discovered:
D:1:      dpeg_arrival_arbitrary_b, layout_basic
D:2:      layout_basic, serial_shops, shop, minmay_tromino_i4
D:3:      layout_rooms, st_stairs_9, kennysheep_generic_room_15
D:4:      layout_loops_ring, lemuel_round_altar, nicolae_uskayaw_dance_hall,
          wad_floor_pattern_untrapped, uniq_pikel
D:5:      layout_basic, doesnt_xom_only_xom, uniq_grinder
D:6:      layout_loops_ring, zin_angel, mainiacjoe_overflow_alcove_4,
          mainiacjoe_overflow_cross_hatched, uniq_blork_the_orc

Skill      XL: |  1  2  3  4 |
---------------+-------------+-----
Ranged Weapons | 3 4 5 |  5.4
Fighting       | 2 3 |  3.4
Armour         | 1 |  1.1
Dodging        | |  2.1
Spellcasting   | |  1.0
Hexes          | |  2.0

Action                     |  1- 3 |  4- 6 || total
---------------------------+-------+-------++-------
   Fire: Sling             |    90 |   166 ||   256
    Use: Scroll            |     1 |     3 ||     4
         Potion            |     1 |     4 ||     5
 Armour: Robe              |     6 |       ||     6
         Ring mail         |    14 |    37 ||    51
  Dodge: Dodged            |    34 |    66 ||   100

Table legend:
 A = Non-vault XP
 B = Vault XP
 C = Vault XP percentage of total XP
 D = Non-vault monster count
 E = Vault monster count
 F = Vault count percentage of total count
                 A         B        C        D         E       F
            +---------+---------+-------+---------+---------+-------
      Total |     289 |      33 |  10.2 |      75 |       6 |   7.4
            +---------+---------+-------+---------+---------+-------
        D:1 |      39 |       0 |   0.0 |      25 |       0 |   0.0
        D:2 |      71 |      27 |  27.6 |      21 |       3 |  12.5
        D:3 |      33 |       6 |  15.4 |      18 |       3 |  14.3
        D:4 |     104 |       0 |   0.0 |      10 |       0 |   0.0
        D:5 |      42 |       0 |   0.0 |       1 |       0 |   0.0
            +---------+---------+-------+---------+---------+-------
